Maple Leafs vs Kings

Created - January 8, 2019 at 19:01

Goals
1 2 3 T
Maple Leafs 2 1 2 5
Kings 0 0 3 3
Shots
1 2 3 T
Maple Leafs 10 16 4 30
Kings 7 7 14 28

1st period

1. Maple Leafs , Jordan Staal 17 (Claude Giroux 29, Artemi Panarin 11) at 12:41 (PP)
2. Maple Leafs , Claude Giroux 22 (Jordan Staal 26) at 15:28

Penalties :
Maxim Talbot (LAK) for Hooking (Minor) at 11:03

2nd period

3. Maple Leafs , Claude Giroux 23 (Artemi Panarin 12, Jordan Staal 27) at 13:40 (PP)

Penalties :
Erik Karlsson (LAK) for Tripping (Minor) at 6:38, Oscar Klefbom (LAK) for Interference (Minor) at 13:27

3rd period

4. Maple Leafs , Fabian Brunnstrom 11 (Gilbert Brule 18, Tobias Enstrom 24) at 2:30
5. Kings , Derek Boogaard 6 (Viktor Arvidsson 9, Travis Hamonic 13) at 3:21
6. Kings , Anze Kopitar 16 (Patrick Kane 27, Shea Weber 10) at 5:07 (PP)
7. Kings , Shea Weber 4 (Anze Kopitar 28, Patrick Kane 28) at 18:41 (PP)
8. Maple Leafs , Claude Giroux 24 (Taylor Chorney 5, Artemi Panarin 13) at 19:57 (Empty Net)

Penalties :
Tobias Enstrom (Tor) for Roughing (Minor) at 4:28, Paul Martin (LAK) for Hooking (Minor) at 9:18, Eric Nystrom (Tor) for Roughing (Minor) at 18:33

Goalie Stats

Marc-André Fleury (Tor), 25 saves from 28 shots - (0.893), W, 14-12-2, 60:00 minutes
Brian Elliott (LAK), 25 saves from 29 shots - (0.862), L, 13-12-3, 58:48 minutes

Players Stats for Maple Leafs

Player Name              G  A  P  +/- PIM S  H  SB GA TA FO     MP     PP MP  PK MP  
------------------------------------------------------------------------------------
Artemi Panarin           0  3  3   1  0   2  1  0  0  0  0/0    20:13   3:53   0:08 
Ben Smith                0  0  0   0  0   2  2  0  0  0  0/0    17:07   1:56   0:00 
Blake Comeau             0  0  0   0  0   3  4  0  0  1  0/0    11:34   0:00   0:00 
Calvin de Haan           0  0  0   1  0   0  1  1  0  0  0/0    19:34   0:00   0:00 
Claude Giroux            3  1  4   2  0   11 2  1  2  1  1/4    23:02   3:53   0:00 
Eric Nystrom             0  0  0   1  2   1  2  1  0  1  1/2    18:41   0:00   0:39 
Fabian Brunnstrom        1  0  1   0  0   1  1  0  0  1  0/0    13:35   1:56   0:00 
Gilbert Brule            0  1  1   0  0   3  2  1  0  0  3/11   13:35   1:56   0:00 
Jeremy Morin             0  0  0   0  0   0  0  0  0  0  0/1     7:30   0:00   0:00 
John Klingberg           0  0  0   0  0   0  1  1  0  0  0/0    21:21   3:53   0:00 
Jordan Staal             1  2  3   2  0   3  0  2  0  2  16/31  23:49   3:53   0:47 
Marc-Édouard Vlasic      0  0  0   0  0   0  1  2  0  0  0/0    21:26   1:56   0:18 
Mark Scheifele           0  0  0   0  0   2  2  0  0  0  5/11   15:06   0:00   0:00 
Ryan Parent              0  0  0   0  0   1  0  0  0  0  0/0    16:02   1:56   0:47 
T.J Galiardi             0  0  0   0  0   0  1  0  0  0  0/0     7:30   0:00   0:00 
Taylor Chorney           0  1  1   1  0   0  1  1  0  0  0/0    14:28   0:00   0:29 
Tobias Enstrom           0  1  1   2  2   1  1  1  1  0  0/0    27:08   3:53   0:00 
Zac Dalpe                0  0  0   0  0   0  1  0  1  0  0/2     7:30   0:00   0:00 

Players Stats for Kings

Player Name              G  A  P  +/- PIM S  H  SB GA TA FO     MP     PP MP  PK MP  
------------------------------------------------------------------------------------
Anze Kopitar             1  1  2  -2  0   8  2  4  0  1  19/31  22:06   0:47   2:04 
Derek Boogaard           1  0  1   0  0   1  3  0  1  0  0/1    11:27   0:00   0:00 
Erik Karlsson            0  0  0  -1  2   0  0  0  1  0  0/0    22:33   0:47   0:54 
Johnny Gaudreau          0  0  0  -2  0   2  2  1  2  0  2/3    20:23   0:47   0:21 
Max Pacioretty           0  0  0   0  0   1  2  0  0  0  1/1    16:45   0:00   0:51 
Maxim Talbot             0  0  0   0  2   2  0  0  0  0  0/0     6:46   0:00   0:00 
Oscar Klefbom            0  0  0  -1  2   0  2  0  0  0  0/0    21:04   0:00   0:13 
Patrick Kane             0  2  2  -2  0   6  3  2  0  0  0/0    21:53   0:47   1:51 
Paul Martin              0  0  0   0  2   1  0  1  0  0  0/0    13:21   0:00   1:34 
Pierre-Marc Bouchard     0  0  0   0  0   1  0  0  0  0  4/5    11:27   0:00   0:00 
Ramzi Abid               0  0  0   0  0   1  1  1  0  1  0/0    10:11   0:00   3:23 
Ryan Callahan            0  0  0   0  0   1  0  0  0  0  0/0    11:27   0:00   0:00 
Shea Weber               1  1  2  -1  0   2  2  0  0  1  0/0    24:40   0:47   3:08 
Staffan Kronwall         0  0  0   0  0   0  2  0  0  0  0/0    14:29   0:00   2:41 
Steve Quailer            0  0  0   0  0   0  0  0  0  0  0/0     6:47   0:00   0:00 
Travis Hamonic           0  1  1  -1  0   0  0  2  1  0  0/0    23:59   0:00   3:08 
Tyler Johnson            0  0  0   0  0   1  1  0  0  1  10/21  19:03   0:00   3:08 
Viktor Arvidsson         0  1  1   0  0   1  1  0  1  0  0/0    15:46   0:00   0:00 

3 Stars

1 - Claude Giroux (Tor)
2 - Jordan Staal (Tor)
3 - Artemi Panarin (Tor)

Power Play

Maple Leafs - 2 on 4 Attempt(s) - 50.00%
Kings - 2 on 2 Attempt(s) - 100.00%

Penalty Kill

Maple Leafs - 0 on 2 Attempt(s) - 0.00% - Score 0 goal in Penalty Kill
Kings - 2 on 4 Attempt(s) - 50.00% - Score 0 goal in Penalty Kill

Team Stat

Maple Leafs - Hits : 23 - Faceoff Wins : 26 - Blocked Shots : 11 - Penalty Minutes : 4
Kings - Hits : 21 - Faceoff Wins : 36 - Blocked Shots : 11 - Penalty Minutes : 8

Official

Referees : Unknown
Linesman : Unknown

Game Notes

Claude Giroux has scored a Hat Trick!
Claude Giroux has scored in a empty net!

Finance

Level 1 -- Attendance: 5651 (94.18%) -- Ticket Income $508,590
Level 2 -- Attendance: 3983 (79.66%) -- Ticket Income $258,895
Level 3 -- Attendance: 1645 (82.25%) -- Ticket Income $65,800
Level 4 -- Attendance: 2952 (73.80%) -- Ticket Income $88,560
Luxury Box -- Attendance: 1000 (100.00%) -- Ticket Income $145,000
Game was played at the Staples Center.
Total Attendance: 15231 (84.62%)
Total Ticket Income: $1,066,845
Other Income: $160,027
Total Income: $1,226,872

Maple Leafs

5 vs 5 Forward 
   Center                   Left Wing                Right Wing               Time % Phy DF OF 
 1 Jordan Staal             Eric Nystrom             Claude Giroux            40     1   2  2  
 2 Mark Scheifele           Artemi Panarin           Ben Smith                30     1   2  2  
 3 Gilbert Brule            Fabian Brunnstrom        Blake Comeau             20     1   2  2  
 4 Zac Dalpe                T.J Galiardi             Jeremy Morin             10     1   2  2  

5 vs 5 Defense 
   Defense                  Defense                                           Time % Phy DF OF 
 1 Tobias Enstrom           Calvin de Haan                                    40     1   2  2  
 2 John Klingberg           Marc-Édouard Vlasic                               30     1   2  2  
 3 Taylor Chorney           Ryan Parent                                       20     1   2  2  
 4 Tobias Enstrom           Marc-Édouard Vlasic                               10     1   2  2  

PowerPlay Forward 
   Center                   Left Wing                Right Wing               Time % Phy DF OF 
 1 Jordan Staal             Artemi Panarin           Claude Giroux            60     1   2  2  
 2 Gilbert Brule            Fabian Brunnstrom        Ben Smith                40     1   2  2  

PowerPlay Defense
   Defense                  Defense                                           Time % Phy DF OF 
 1 Tobias Enstrom           John Klingberg                                    60     1   2  2  
 2 Marc-Édouard Vlasic      Ryan Parent                                       40     1   2  2  

Penalty Kill 4 Players Forward 
   Center                   Wing                     Time % Phy DF OF 
 1 Jordan Staal             Eric Nystrom             60     1   2  2  
 2 Gilbert Brule            Ben Smith                40     1   2  2  

Penalty Kill 4 Players Defense
   Defense                  Defense                  Time % Phy DF OF 
 1 Taylor Chorney           Ryan Parent              60     1   2  2  
 2 Tobias Enstrom           Marc-Édouard Vlasic      40     1   2  2  

Penalty Kill - 3 Players Forward 
   Forward                                           Time % Phy DF OF 
 1 Jordan Staal                                      60     1   2  2  
 2 Gilbert Brule                                     40     1   2  2  

Penalty Kill - 3 Players Defense
   Defense                  Defense                  Time % Phy DF OF 
 1 Taylor Chorney           Marc-Édouard Vlasic      60     1   2  2  
 2 Tobias Enstrom           Ryan Parent              40     1   2  2  

4 vs 4 Forward 
   Center                   Wing                     Time % Phy DF OF 
 1 Jordan Staal             Claude Giroux            60     1   2  2  
 2 Mark Scheifele           Artemi Panarin           40     1   2  2  

4 vs 4 Defense
   Defense                  Defense                  Time % Phy DF OF 
 1 Tobias Enstrom           John Klingberg           60     1   2  2  
 2 Taylor Chorney           Ryan Parent              40     1   2  2  

Last Minutes Offensive
   Center                   Left Wing                Right Wing               Defense                  Defense                  
   Jordan Staal             Artemi Panarin           Claude Giroux            Tobias Enstrom           John Klingberg           

Last Minutes Defensive
   Center                   Left Wing                Right Wing               Defense                  Defense                  
   Jordan Staal             Artemi Panarin           Claude Giroux            Taylor Chorney           Tobias Enstrom           

Goaltenders
Starting : Marc-André Fleury        
Backup : Thomas McCollum          

Extra Forwards
Normal : Mark Scheifele, Ben Smith, Eric Nystrom - PP : Mark Scheifele, Ben Smith - PK : Eric Nystrom
Extra Defensemen
Normal : Marc-Édouard Vlasic, John Klingberg, Taylor Chorney - PP : Marc-Édouard Vlasic - PK : Ryan Parent, Taylor Chorney
Penalty Shots
Claude Giroux, Jordan Staal, Gilbert Brule, Artemi Panarin, Fabian Brunnstrom

Scratches
Braydon Coburn (Healthy)

Kings

5 vs 5 Forward 
   Center                   Left Wing                Right Wing               Time % Phy DF OF 
 1 Anze Kopitar             Johnny Gaudreau          Patrick Kane             40     0   2  3  
 2 Tyler Johnson            Max Pacioretty           Viktor Arvidsson         35     0   2  3  
 3 Pierre-Marc Bouchard     Derek Boogaard           Ryan Callahan            20     0   2  3  
 4 Maxim Talbot             Ramzi Abid               Steve Quailer            5      1   3  1  

5 vs 5 Defense 
   Defense                  Defense                                           Time % Phy DF OF 
 1 Shea Weber               Erik Karlsson                                     40     1   3  1  
 2 Oscar Klefbom            Travis Hamonic                                    40     1   3  1  
 3 Paul Martin              Staffan Kronwall                                  20     0   4  1  
 4 Travis Hamonic           Shea Weber                                        0      1   2  2  

PowerPlay Forward 
   Center                   Left Wing                Right Wing               Time % Phy DF OF 
 1 Anze Kopitar             Johnny Gaudreau          Patrick Kane             60     0   1  4  
 2 Tyler Johnson            Max Pacioretty           Viktor Arvidsson         40     0   1  4  

PowerPlay Defense
   Defense                  Defense                                           Time % Phy DF OF 
 1 Shea Weber               Erik Karlsson                                     60     0   2  3  
 2 Oscar Klefbom            Travis Hamonic                                    40     0   2  3  

Penalty Kill 4 Players Forward 
   Center                   Wing                     Time % Phy DF OF 
 1 Tyler Johnson            Ramzi Abid               60     1   3  1  
 2 Anze Kopitar             Patrick Kane             40     1   3  1  

Penalty Kill 4 Players Defense
   Defense                  Defense                  Time % Phy DF OF 
 1 Travis Hamonic           Shea Weber               60     1   4  0  
 2 Staffan Kronwall         Paul Martin              40     1   4  0  

Penalty Kill - 3 Players Forward 
   Forward                                           Time % Phy DF OF 
 1 Anze Kopitar                                      60     1   4  0  
 2 Tyler Johnson                                     40     1   4  0  

Penalty Kill - 3 Players Defense
   Defense                  Defense                  Time % Phy DF OF 
 1 Shea Weber               Travis Hamonic           60     0   5  0  
 2 Paul Martin              Staffan Kronwall         40     0   5  0  

4 vs 4 Forward 
   Center                   Wing                     Time % Phy DF OF 
 1 Tyler Johnson            Patrick Kane             60     1   2  2  
 2 Anze Kopitar             Max Pacioretty           40     1   2  2  

4 vs 4 Defense
   Defense                  Defense                  Time % Phy DF OF 
 1 Shea Weber               Erik Karlsson            60     1   2  2  
 2 Travis Hamonic           Staffan Kronwall         40     1   2  2  

Last Minutes Offensive
   Center                   Left Wing                Right Wing               Defense                  Defense                  
   Anze Kopitar             Johnny Gaudreau          Patrick Kane             Shea Weber               Erik Karlsson            

Last Minutes Defensive
   Center                   Left Wing                Right Wing               Defense                  Defense                  
   Anze Kopitar             Ramzi Abid               Patrick Kane             Shea Weber               Travis Hamonic           

Goaltenders
Starting : Brian Elliott            
Backup : Pascal Leclaire          

Extra Forwards
Normal : Anze Kopitar, Tyler Johnson, Pierre-Marc Bouchard - PP : Derek Boogaard, Ryan Callahan - PK : Max Pacioretty
Extra Defensemen
Normal : Travis Hamonic, Shea Weber, Staffan Kronwall - PP : Staffan Kronwall - PK : Erik Karlsson, Oscar Klefbom
Penalty Shots
Anze Kopitar, Patrick Kane, Viktor Arvidsson, Max Pacioretty, Shea Weber

Scratches
None


% Time on Ice - Maple Leafs

Lines # - Real PCT - Wanted PCT - Time Play
Normal Forward
1 - 35% - 40% - 18:13
2 - 29% - 30% - 15:11
3 - 22% - 20% - 11:34
4 - 14% - 10% - 7:30
Normal Defense
1 - 38% - 40% - 20:07
2 - 32% - 30% - 16:59
3 - 25% - 20% - 13:09
4 - 4% - 10% - 2:13
PP Forward
1 - 67% - 60% - 3:53
2 - 33% - 40% - 1:56
PP Defense
1 - 67% - 60% - 3:53
2 - 33% - 40% - 1:56
PK Forward
1 - 100% - 60% - 0:47
2 - 0% - 40% - 0:00
PK Defense
1 - 62% - 60% - 0:29
2 - 38% - 40% - 0:18
PK3 Forward
1 - 0% - 60%
2 - 0% - 40%
PK3 Defense
1 - 0% - 60%
2 - 0% - 40%
44 Forward
1 - 0% - 60%
2 - 0% - 40%
44 Defense
1 - 0% - 60%
2 - 0% - 40%
Last Minute Offensive  - 0:00
Last Minute Defensive  - 0:56
Total
Forward - 60:00
Defense - 60:00

% Time on Ice - Kings

Lines # - Real PCT - Wanted PCT - Time Play
Normal Forward
1 - 35% - 40% - 18:27
2 - 30% - 35% - 15:46
3 - 22% - 20% - 11:27
4 - 13% - 5% - 6:47
Normal Defense
1 - 40% - 40% - 20:45
2 - 39% - 40% - 20:22
3 - 22% - 20% - 11:20
4 - 0% - 0% - 0:00
PP Forward
1 - 100% - 60% - 0:47
2 - 0% - 40% - 0:00
PP Defense
1 - 100% - 60% - 0:47
2 - 0% - 40% - 0:00
PK Forward
1 - 68% - 60% - 3:58
2 - 32% - 40% - 1:51
PK Defense
1 - 54% - 60% - 3:08
2 - 46% - 40% - 2:41
PK3 Forward
1 - 0% - 60%
2 - 0% - 40%
PK3 Defense
1 - 0% - 60%
2 - 0% - 40%
44 Forward
1 - 0% - 60%
2 - 0% - 40%
44 Defense
1 - 0% - 60%
2 - 0% - 40%
Last Minute Offensive  - 0:57
Last Minute Defensive  - 0:00
Total
Forward - 60:00
Defense - 60:00

Play-by-Play

1st period


0:01 of 1st period - Jordan Staal wins face-off versus Anze Kopitar in neutral zone.
0:26 of 1st period - Tobias Enstrom is hit by Max Pacioretty and loses puck.
1:11 of 1st period - Snap shot by Ramzi Abid.
1:11 of 1st period - Deflect By Maxim Talbot.
1:11 of 1st period - Stopped by Marc-André Fleury with a rebound.
1:13 of 1st period - Wrist shot by Maxim Talbot.
1:13 of 1st period - Stopped by Marc-André Fleury without a rebound.
1:14 of 1st period - Johnny Gaudreau wins face-off versus Zac Dalpe in Maple Leafs zone.
1:21 of 1st period - Staffan Kronwall is hit by Zac Dalpe and loses puck.
1:39 of 1st period - Tyler Johnson is hit by Taylor Chorney and loses puck.
2:53 of 1st period - T.J Galiardi is hit by Shea Weber and loses puck.
3:16 of 1st period - Wrist shot by Viktor Arvidsson.
3:16 of 1st period - Stopped by Marc-André Fleury without a rebound.
3:17 of 1st period - Jordan Staal wins face-off versus Johnny Gaudreau in Maple Leafs zone.
4:55 of 1st period - Claude Giroux is hit by Staffan Kronwall and loses puck.
6:56 of 1st period - Claude Giroux is hit by Ramzi Abid and loses puck.
7:09 of 1st period - Max Pacioretty is hit by Blake Comeau and loses puck.
7:28 of 1st period - Snap shot by Johnny Gaudreau.
7:28 of 1st period - Deflect By Anze Kopitar.
7:28 of 1st period - Stopped by Marc-André Fleury without a rebound.
7:29 of 1st period - Anze Kopitar wins face-off versus Zac Dalpe in Maple Leafs zone.
7:40 of 1st period - Snap shot by Anze Kopitar.
7:40 of 1st period - Stopped by Marc-André Fleury without a rebound.
7:41 of 1st period - Anze Kopitar wins face-off versus Claude Giroux in Maple Leafs zone.
8:48 of 1st period - Maxim Talbot is hit by Eric Nystrom and loses puck.
8:54 of 1st period - Off-side.
8:55 of 1st period - Anze Kopitar wins face-off versus Mark Scheifele in neutral zone.
9:22 of 1st period - Claude Giroux is hit by Tyler Johnson and loses puck.
9:32 of 1st period - Icing by Taylor Chorney.
9:33 of 1st period - Jordan Staal wins face-off versus Anze Kopitar in Maple Leafs zone.
9:38 of 1st period - Slapshot by Jordan Staal.
9:38 of 1st period - Shot Misses the Net.
10:18 of 1st period - Wrist shot by Gilbert Brule.
10:18 of 1st period - Stopped by Brian Elliott with a rebound.
10:37 of 1st period - Snap shot by Anze Kopitar.
10:37 of 1st period - Shot Misses the Net.
10:39 of 1st period - Snap shot by Patrick Kane.
10:39 of 1st period - Shot Misses the Net.
11:01 of 1st period - Wrist shot by Claude Giroux.
11:01 of 1st period - Shot Misses the Net.
11:03 of 1st period - Minor Penalty to Maxim Talbot for Hooking.
11:04 of 1st period - Jordan Staal wins face-off versus Tyler Johnson in Kings zone.
11:17 of 1st period - Snap shot by Claude Giroux.
11:17 of 1st period - Deflect By Jordan Staal.
11:17 of 1st period - Shot Blocked by Ramzi Abid.
11:17 of 1st period - Puck is out of play.
11:18 of 1st period - Jordan Staal wins face-off versus Tyler Johnson in Kings zone.
11:47 of 1st period - Snap shot by Jordan Staal.
11:47 of 1st period - Shot Blocked by Travis Hamonic.
12:23 of 1st period - Wrist shot by Claude Giroux.
12:23 of 1st period - Stopped by Brian Elliott with a rebound.
12:25 of 1st period - Slapshot by Tobias Enstrom.
12:25 of 1st period - Stopped by Brian Elliott with a rebound.
12:35 of 1st period - Wrist shot by Claude Giroux.
12:35 of 1st period - Shot Blocked by Paul Martin.
12:37 of 1st period - Snap shot by Artemi Panarin.
12:37 of 1st period - Shot Blocked by Patrick Kane.
12:39 of 1st period - Slapshot by Claude Giroux.
12:39 of 1st period - Shot Misses the Net.
12:41 of 1st period - Slapshot by Jordan Staal.
12:41 of 1st period - Goal by Jordan Staal - Maple Leafs : 1 - Kings : 0.
12:42 of 1st period - Tyler Johnson wins face-off versus Gilbert Brule in neutral zone.
12:45 of 1st period - Slapshot by Travis Hamonic.
12:45 of 1st period - Shot Blocked by Gilbert Brule.
13:09 of 1st period - Jeremy Morin is hit by Derek Boogaard and loses puck.
13:43 of 1st period - Off-side.
13:44 of 1st period - Gilbert Brule wins face-off versus Tyler Johnson in neutral zone.
13:55 of 1st period - Snap shot by Fabian Brunnstrom.
13:55 of 1st period - Deflect By Blake Comeau.
13:55 of 1st period - Stopped by Brian Elliott with a rebound.
13:59 of 1st period - Snap shot by Gilbert Brule.
13:59 of 1st period - Shot Misses the Net.
14:01 of 1st period - Snap shot by Blake Comeau.
14:01 of 1st period - Stopped by Brian Elliott without a rebound.
14:02 of 1st period - Jordan Staal wins face-off versus Anze Kopitar in Kings zone.
14:11 of 1st period - Slapshot by Shea Weber.
14:11 of 1st period - Shot Misses the Net.
14:13 of 1st period - Snap shot by Patrick Kane.
14:13 of 1st period - Shot Blocked by Jordan Staal.
14:15 of 1st period - Slapshot by Shea Weber.
14:15 of 1st period - Shot Misses the Net.
14:29 of 1st period - Viktor Arvidsson is hit by Ben Smith.
14:35 of 1st period - Slapshot by Viktor Arvidsson.
14:35 of 1st period - Shot Misses the Net.
14:37 of 1st period - Slapshot by Max Pacioretty.
14:37 of 1st period - Shot Misses the Net.
14:55 of 1st period - Fabian Brunnstrom is hit by Derek Boogaard and loses puck.
15:20 of 1st period - Johnny Gaudreau is hit by Claude Giroux and loses puck.
15:24 of 1st period - Icing by Paul Martin.
15:25 of 1st period - Claude Giroux wins face-off versus Anze Kopitar in Kings zone.
15:26 of 1st period - Snap shot by Jordan Staal.
15:26 of 1st period - Stopped by Brian Elliott with a rebound.
15:28 of 1st period - Snap shot by Claude Giroux.
15:28 of 1st period - Goal by Claude Giroux - Maple Leafs : 2 - Kings : 0.
15:29 of 1st period - Anze Kopitar wins face-off versus Claude Giroux in neutral zone.
15:32 of 1st period - Tobias Enstrom is hit by Johnny Gaudreau and loses puck.
16:23 of 1st period - Derek Boogaard is hit by Blake Comeau and loses puck.
17:26 of 1st period - Staffan Kronwall is hit by Mark Scheifele.
17:32 of 1st period - Slapshot by Mark Scheifele.
17:32 of 1st period - Stopped by Brian Elliott without a rebound.
17:33 of 1st period - Tyler Johnson wins face-off versus Mark Scheifele in Kings zone.
18:27 of 1st period - Wrist shot by Gilbert Brule.
18:27 of 1st period - Stopped by Brian Elliott with a rebound.
18:49 of 1st period - Snap shot by Ramzi Abid.
18:49 of 1st period - Shot Misses the Net.
18:51 of 1st period - Wrist shot by Ramzi Abid.
18:51 of 1st period - Stopped by Marc-André Fleury without a rebound.
18:52 of 1st period - Anze Kopitar wins face-off versus Jordan Staal in Maple Leafs zone.
18:53 of 1st period - Snap shot by Patrick Kane.
18:53 of 1st period - Stopped by Marc-André Fleury with a rebound.
19:01 of 1st period - Wrist shot by Claude Giroux.
19:01 of 1st period - Shot Blocked by Anze Kopitar.
19:03 of 1st period - Snap shot by Eric Nystrom.
19:03 of 1st period - Shot Blocked by Anze Kopitar.
19:05 of 1st period - Wrist shot by Eric Nystrom.
19:05 of 1st period - Shot Blocked by Anze Kopitar.
19:07 of 1st period - Slapshot by Marc-Édouard Vlasic.
19:07 of 1st period - Shot Blocked by Anze Kopitar.
19:09 of 1st period - Wrist shot by Jordan Staal.
19:09 of 1st period - Shot Misses the Net.
Goals for this period are 2 for Maple Leafs vs 0 for Kings.
Shots for this period are 10 for Maple Leafs vs 7 for Kings.

2nd period


0:01 of 2nd period - Anze Kopitar wins face-off versus Jordan Staal in neutral zone.
0:26 of 2nd period - Max Pacioretty is hit by Marc-Édouard Vlasic and loses puck.
0:35 of 2nd period - Snap shot by Artemi Panarin.
0:35 of 2nd period - Shot Misses the Net.
0:55 of 2nd period - Wrist shot by Derek Boogaard.
0:55 of 2nd period - Shot Blocked by Taylor Chorney.
0:57 of 2nd period - Wrist shot by Ryan Callahan.
0:57 of 2nd period - Deflect By Pierre-Marc Bouchard.
0:57 of 2nd period - Stopped by Marc-André Fleury with a rebound.
1:39 of 2nd period - Wrist shot by Claude Giroux.
1:39 of 2nd period - Stopped by Brian Elliott with a rebound.
1:41 of 2nd period - Snap shot by Jordan Staal.
1:41 of 2nd period - Stopped by Brian Elliott without a rebound.
1:42 of 2nd period - Tyler Johnson wins face-off versus Mark Scheifele in Kings zone.
2:35 of 2nd period - Ryan Callahan is hit by Gilbert Brule and loses puck.
3:35 of 2nd period - Wrist shot by Jordan Staal.
3:35 of 2nd period - Deflect By Claude Giroux.
3:35 of 2nd period - Deflect By Patrick Kane.
3:35 of 2nd period - Stopped by Brian Elliott without a rebound.
3:36 of 2nd period - Jordan Staal wins face-off versus Anze Kopitar in Kings zone.
3:47 of 2nd period - Slapshot by Patrick Kane.
3:47 of 2nd period - Shot Misses the Net.
3:49 of 2nd period - Wrist shot by Johnny Gaudreau.
3:49 of 2nd period - Stopped by Marc-André Fleury with a rebound.
3:53 of 2nd period - Snap shot by Patrick Kane.
3:53 of 2nd period - Stopped by Marc-André Fleury with a rebound.
4:03 of 2nd period - Max Pacioretty is hit by Ben Smith and loses puck.
4:10 of 2nd period - Wrist shot by Artemi Panarin.
4:10 of 2nd period - Deflect By Oscar Klefbom.
4:10 of 2nd period - Stopped by Brian Elliott without a rebound.
4:11 of 2nd period - Mark Scheifele wins face-off versus Tyler Johnson in Kings zone.
4:43 of 2nd period - Off-side.
4:44 of 2nd period - Anze Kopitar wins face-off versus Jordan Staal in neutral zone.
5:03 of 2nd period - Anze Kopitar is hit by Eric Nystrom and loses puck.
5:07 of 2nd period - Icing by Johnny Gaudreau.
5:08 of 2nd period - Mark Scheifele wins face-off versus Anze Kopitar in Kings zone.
5:43 of 2nd period - Slapshot by Patrick Kane.
5:43 of 2nd period - Deflect By Johnny Gaudreau.
5:43 of 2nd period - Shot Misses the Net.
5:43 of 2nd period - Puck is out of play.
5:44 of 2nd period - Tyler Johnson wins face-off versus Jordan Staal in Maple Leafs zone.
5:51 of 2nd period - Wrist shot by Claude Giroux.
5:51 of 2nd period - Stopped by Brian Elliott without a rebound.
5:52 of 2nd period - Eric Nystrom wins face-off versus Tyler Johnson in Kings zone.
6:38 of 2nd period - Minor Penalty to Erik Karlsson for Tripping.
6:39 of 2nd period - Tyler Johnson wins face-off versus Gilbert Brule in Kings zone.
7:09 of 2nd period - Off-side.
7:10 of 2nd period - Anze Kopitar wins face-off versus Jordan Staal in neutral zone.
7:37 of 2nd period - Max Pacioretty is hit by John Klingberg and loses puck.
7:50 of 2nd period - Wrist shot by Anze Kopitar.
7:50 of 2nd period - Shot Misses the Net.
7:52 of 2nd period - Backhand shot by Shea Weber.
7:52 of 2nd period - Shot Blocked by John Klingberg.
7:54 of 2nd period - Slapshot by Travis Hamonic.
7:54 of 2nd period - Shot Blocked by Jordan Staal.
7:56 of 2nd period - Slapshot by Anze Kopitar.
7:56 of 2nd period - Stopped by Marc-André Fleury without a rebound.
7:57 of 2nd period - Gilbert Brule wins face-off versus Tyler Johnson in Maple Leafs zone.
8:13 of 2nd period - Ramzi Abid is hit by Gilbert Brule.
8:38 of 2nd period - Penalty to Erik Karlsson is over, Erik Karlsson is back on ice.
9:15 of 2nd period - Snap shot by Anze Kopitar.
9:15 of 2nd period - Shot Misses the Net.
9:17 of 2nd period - Wrist shot by Johnny Gaudreau.
9:17 of 2nd period - Shot Misses the Net.
9:19 of 2nd period - Wrist shot by Anze Kopitar.
9:19 of 2nd period - Shot Misses the Net.
9:21 of 2nd period - Snap shot by Anze Kopitar.
9:21 of 2nd period - Stopped by Marc-André Fleury with a rebound.
9:35 of 2nd period - Snap shot by Mark Scheifele.
9:35 of 2nd period - Stopped by Brian Elliott with a rebound.
10:23 of 2nd period - Paul Martin is hit by Mark Scheifele and loses puck.
10:52 of 2nd period - Blake Comeau is hit by Derek Boogaard and loses puck.
11:25 of 2nd period - Taylor Chorney is hit by Anze Kopitar and loses puck.
11:49 of 2nd period - Claude Giroux is hit by Shea Weber and loses puck.
12:02 of 2nd period - Slapshot by Gilbert Brule.
12:02 of 2nd period - Stopped by Brian Elliott without a rebound.
12:03 of 2nd period - Pierre-Marc Bouchard wins face-off versus Gilbert Brule in Kings zone.
12:22 of 2nd period - Ryan Callahan is hit by Fabian Brunnstrom and loses puck.
12:31 of 2nd period - Wrist shot by Blake Comeau.
12:31 of 2nd period - Stopped by Brian Elliott without a rebound.
12:32 of 2nd period - Anze Kopitar wins face-off versus Jordan Staal in Kings zone.
12:42 of 2nd period - Off-side.
12:43 of 2nd period - Jordan Staal wins face-off versus Anze Kopitar in neutral zone.
13:12 of 2nd period - Slapshot by Calvin de Haan.
13:12 of 2nd period - Deflect By Ben Smith.
13:12 of 2nd period - Stopped by Brian Elliott without a rebound.
13:13 of 2nd period - Mark Scheifele wins face-off versus Tyler Johnson in Kings zone.
13:20 of 2nd period - Wrist shot by Tyler Johnson.
13:20 of 2nd period - Shot Misses the Net.
13:27 of 2nd period - Minor Penalty to Oscar Klefbom for Interference.
13:28 of 2nd period - Tyler Johnson wins face-off versus Jordan Staal in Kings zone.
13:40 of 2nd period - Snap shot by Claude Giroux.
13:40 of 2nd period - Goal by Claude Giroux - Maple Leafs : 3 - Kings : 0.
13:41 of 2nd period - Jordan Staal wins face-off versus Anze Kopitar in neutral zone.
13:55 of 2nd period - Wrist shot by Anze Kopitar.
13:55 of 2nd period - Stopped by Marc-André Fleury with a rebound.
13:57 of 2nd period - Slapshot by Oscar Klefbom.
13:57 of 2nd period - Shot Misses the Net.
14:16 of 2nd period - Slapshot by Viktor Arvidsson.
14:16 of 2nd period - Shot Misses the Net.
14:42 of 2nd period - Derek Boogaard is hit by Blake Comeau and loses puck.
15:21 of 2nd period - Snap shot by Claude Giroux.
15:21 of 2nd period - Stopped by Brian Elliott without a rebound.
15:22 of 2nd period - Jordan Staal wins face-off versus Tyler Johnson in Kings zone.
15:25 of 2nd period - Slapshot by Claude Giroux.
15:25 of 2nd period - Stopped by Brian Elliott with a rebound.
15:27 of 2nd period - Slapshot by Marc-Édouard Vlasic.
15:27 of 2nd period - Deflect By Claude Giroux.
15:27 of 2nd period - Stopped by Brian Elliott with a rebound.
15:29 of 2nd period - Wrist shot by Claude Giroux.
15:29 of 2nd period - Stopped by Brian Elliott without a rebound.
15:30 of 2nd period - Tyler Johnson wins face-off versus Jordan Staal in Kings zone.
15:37 of 2nd period - Backhand shot by Claude Giroux.
15:37 of 2nd period - Shot Misses the Net.
15:39 of 2nd period - Wrist shot by Eric Nystrom.
15:39 of 2nd period - Stopped by Brian Elliott without a rebound.
15:40 of 2nd period - Anze Kopitar wins face-off versus Eric Nystrom in Kings zone.
16:28 of 2nd period - Marc-Édouard Vlasic is hit by Oscar Klefbom.
16:39 of 2nd period - Marc-Édouard Vlasic is hit by Oscar Klefbom and loses puck.
17:14 of 2nd period - Wrist shot by Max Pacioretty.
17:14 of 2nd period - Shot Blocked by Tobias Enstrom.
17:42 of 2nd period - Snap shot by Ben Smith.
17:42 of 2nd period - Stopped by Brian Elliott without a rebound.
17:43 of 2nd period - Anze Kopitar wins face-off versus Mark Scheifele in Kings zone.
17:58 of 2nd period - Snap shot by Patrick Kane.
17:58 of 2nd period - Stopped by Marc-André Fleury without a rebound.
17:59 of 2nd period - Jordan Staal wins face-off versus Tyler Johnson in Maple Leafs zone.
19:19 of 2nd period - Snap shot by Zac Dalpe.
19:19 of 2nd period - Shot Misses the Net.
Goals for this period are 1 for Maple Leafs vs 0 for Kings.
Shots for this period are 16 for Maple Leafs vs 7 for Kings.

3rd period


0:01 of 3rd period - Anze Kopitar wins face-off versus Jordan Staal in neutral zone.
0:45 of 3rd period - Wrist shot by Ryan Callahan.
0:45 of 3rd period - Deflect By Pierre-Marc Bouchard.
0:45 of 3rd period - Shot Blocked by Marc-Édouard Vlasic.
0:45 of 3rd period - Puck is out of play.
0:46 of 3rd period - Pierre-Marc Bouchard wins face-off versus Gilbert Brule in Maple Leafs zone.
1:00 of 3rd period - Off-side.
1:01 of 3rd period - Jordan Staal wins face-off versus Anze Kopitar in neutral zone.
1:29 of 3rd period - Icing by Ben Smith.
1:30 of 3rd period - Mark Scheifele wins face-off versus Tyler Johnson in Maple Leafs zone.
1:30 of 3rd period - Mark Scheifele is hit by Max Pacioretty.
1:38 of 3rd period - Snap shot by Artemi Panarin.
1:38 of 3rd period - Stopped by Brian Elliott without a rebound.
1:39 of 3rd period - Anze Kopitar wins face-off versus Jordan Staal in Kings zone.
1:44 of 3rd period - Slapshot by Johnny Gaudreau.
1:44 of 3rd period - Shot Blocked by Calvin de Haan.
1:46 of 3rd period - Snap shot by Anze Kopitar.
1:46 of 3rd period - Shot Misses the Net.
1:48 of 3rd period - Snap shot by Patrick Kane.
1:48 of 3rd period - Shot Blocked by Claude Giroux.
1:50 of 3rd period - Snap shot by Patrick Kane.
1:50 of 3rd period - Stopped by Marc-André Fleury with a rebound.
2:30 of 3rd period - Wrist shot by Fabian Brunnstrom.
2:30 of 3rd period - Goal by Fabian Brunnstrom - Maple Leafs : 4 - Kings : 0.
2:31 of 3rd period - Anze Kopitar wins face-off versus Jordan Staal in neutral zone.
2:40 of 3rd period - Anze Kopitar is hit by Claude Giroux and loses puck.
3:21 of 3rd period - Wrist shot by Viktor Arvidsson.
3:21 of 3rd period - Deflect By Derek Boogaard.
3:21 of 3rd period - Goal by Derek Boogaard - Maple Leafs : 4 - Kings : 1.
3:22 of 3rd period - Johnny Gaudreau wins face-off versus Jordan Staal in neutral zone.
4:16 of 3rd period - Wrist shot by Derek Boogaard.
4:16 of 3rd period - Shot Misses the Net.
4:18 of 3rd period - Slapshot by Ryan Callahan.
4:18 of 3rd period - Stopped by Marc-André Fleury with a rebound.
4:20 of 3rd period - Backhand shot by Derek Boogaard.
4:20 of 3rd period - Shot Misses the Net.
4:22 of 3rd period - Wrist shot by Shea Weber.
4:22 of 3rd period - Stopped by Marc-André Fleury without a rebound.
4:23 of 3rd period - Anze Kopitar wins face-off versus Claude Giroux in Maple Leafs zone.
4:26 of 3rd period - Snap shot by Patrick Kane.
4:26 of 3rd period - Shot Misses the Net.
4:28 of 3rd period - Minor Penalty to Tobias Enstrom for Roughing.
4:29 of 3rd period - Anze Kopitar wins face-off versus Jordan Staal in Maple Leafs zone.
4:48 of 3rd period - Eric Nystrom is hit by Patrick Kane and loses puck.
5:05 of 3rd period - Backhand shot by Patrick Kane.
5:05 of 3rd period - Stopped by Marc-André Fleury with a rebound.
5:07 of 3rd period - Wrist shot by Anze Kopitar.
5:07 of 3rd period - Goal by Anze Kopitar - Maple Leafs : 4 - Kings : 2.
5:08 of 3rd period - Tyler Johnson wins face-off versus Mark Scheifele in neutral zone.
5:35 of 3rd period - Tobias Enstrom is hit by Patrick Kane and loses puck.
5:41 of 3rd period - Off-side.
5:42 of 3rd period - Mark Scheifele wins face-off versus Anze Kopitar in neutral zone.
7:11 of 3rd period - Mark Scheifele is hit by Patrick Kane and loses puck.
7:34 of 3rd period - Snap shot by Tyler Johnson.
7:34 of 3rd period - Shot Blocked by Marc-Édouard Vlasic.
7:36 of 3rd period - Snap shot by Tyler Johnson.
7:36 of 3rd period - Shot Blocked by Eric Nystrom.
7:38 of 3rd period - Snap shot by Viktor Arvidsson.
7:38 of 3rd period - Deflect By Tyler Johnson.
7:38 of 3rd period - Stopped by Marc-André Fleury with a rebound.
7:40 of 3rd period - Slapshot by Max Pacioretty.
7:40 of 3rd period - Stopped by Marc-André Fleury without a rebound.
7:41 of 3rd period - Tyler Johnson wins face-off versus Mark Scheifele in Maple Leafs zone.
8:08 of 3rd period - Calvin de Haan is hit by Anze Kopitar and loses puck.
8:53 of 3rd period - John Klingberg is hit by Viktor Arvidsson and loses puck.
9:18 of 3rd period - Minor Penalty to Paul Martin for Hooking.
9:19 of 3rd period - Jordan Staal wins face-off versus Tyler Johnson in Kings zone.
10:35 of 3rd period - Icing by Gilbert Brule.
10:36 of 3rd period - Max Pacioretty wins face-off versus Gilbert Brule in Maple Leafs zone.
11:07 of 3rd period - Snap shot by Patrick Kane.
11:07 of 3rd period - Stopped by Marc-André Fleury without a rebound.
11:08 of 3rd period - Anze Kopitar wins face-off versus Gilbert Brule in Maple Leafs zone.
11:18 of 3rd period - Penalty to Paul Martin is over, Paul Martin is back on ice.
11:25 of 3rd period - Slapshot by Ryan Parent.
11:25 of 3rd period - Shot Misses the Net.
11:27 of 3rd period - Slapshot by Ryan Parent.
11:27 of 3rd period - Stopped by Brian Elliott without a rebound.
11:28 of 3rd period - Jordan Staal wins face-off versus Pierre-Marc Bouchard in Kings zone.
11:31 of 3rd period - Wrist shot by Jordan Staal.
11:31 of 3rd period - Shot Misses the Net.
11:33 of 3rd period - Backhand shot by Tobias Enstrom.
11:33 of 3rd period - Shot Misses the Net.
11:53 of 3rd period - Johnny Gaudreau is hit by Artemi Panarin.
11:57 of 3rd period - Mark Scheifele is hit by Johnny Gaudreau and loses puck.
12:18 of 3rd period - Wrist shot by Blake Comeau.
12:18 of 3rd period - Shot Misses the Net.
12:26 of 3rd period - Tyler Johnson is hit by Blake Comeau and loses puck.
13:49 of 3rd period - Wrist shot by Patrick Kane.
13:49 of 3rd period - Shot Misses the Net.
13:55 of 3rd period - Snap shot by Patrick Kane.
13:55 of 3rd period - Deflect By Anze Kopitar.
13:55 of 3rd period - Shot Misses the Net.
13:55 of 3rd period - Puck is out of play.
13:56 of 3rd period - Tyler Johnson wins face-off versus Jordan Staal in Maple Leafs zone.
14:43 of 3rd period - Steve Quailer is hit by Calvin de Haan.
15:03 of 3rd period - Wrist shot by Anze Kopitar.
15:03 of 3rd period - Shot Misses the Net.
15:05 of 3rd period - Wrist shot by Johnny Gaudreau.
15:05 of 3rd period - Stopped by Marc-André Fleury without a rebound.
15:06 of 3rd period - Anze Kopitar wins face-off versus Jeremy Morin in Maple Leafs zone.
15:07 of 3rd period - Snap shot by Johnny Gaudreau.
15:07 of 3rd period - Shot Misses the Net.
15:13 of 3rd period - Snap shot by Anze Kopitar.
15:13 of 3rd period - Stopped by Marc-André Fleury without a rebound.
15:14 of 3rd period - Jordan Staal wins face-off versus Derek Boogaard in Maple Leafs zone.
15:28 of 3rd period - Off-side.
15:29 of 3rd period - Gilbert Brule wins face-off versus Anze Kopitar in neutral zone.
15:32 of 3rd period - Slapshot by John Klingberg.
15:32 of 3rd period - Shot Misses the Net.
16:07 of 3rd period - Snap shot by Pierre-Marc Bouchard.
16:07 of 3rd period - Shot Misses the Net.
16:45 of 3rd period - Erik Karlsson is hit by T.J Galiardi.
16:53 of 3rd period - Slapshot by Tobias Enstrom.
16:53 of 3rd period - Shot Blocked by Johnny Gaudreau.
16:55 of 3rd period - Slapshot by Zac Dalpe.
16:55 of 3rd period - Shot Misses the Net.
17:15 of 3rd period - Snap shot by Jordan Staal.
17:15 of 3rd period - Shot Hit the Post.
17:21 of 3rd period - Slapshot by Steve Quailer.
17:21 of 3rd period - Shot Misses the Net.
17:23 of 3rd period - Wrist shot by Paul Martin.
17:23 of 3rd period - Stopped by Marc-André Fleury without a rebound.
17:24 of 3rd period - Pierre-Marc Bouchard wins face-off versus Gilbert Brule in Maple Leafs zone.
18:14 of 3rd period - Marc-Édouard Vlasic is hit by Staffan Kronwall and loses puck.
18:33 of 3rd period - Minor Penalty to Eric Nystrom for Roughing.
18:34 of 3rd period - Anze Kopitar wins face-off versus Jordan Staal in Maple Leafs zone.
18:39 of 3rd period - Snap shot by Anze Kopitar.
18:39 of 3rd period - Stopped by Marc-André Fleury with a rebound.
18:41 of 3rd period - Slapshot by Shea Weber.
18:41 of 3rd period - Goal by Shea Weber - Maple Leafs : 4 - Kings : 3.
18:42 of 3rd period - Pierre-Marc Bouchard wins face-off versus Gilbert Brule in neutral zone.
18:45 of 3rd period - Kings, Brian Elliott is pulled from the net.
19:07 of 3rd period - Oscar Klefbom is hit by Tobias Enstrom.
19:53 of 3rd period - Snap shot by Claude Giroux.
19:53 of 3rd period - Shot Blocked by Patrick Kane.
19:55 of 3rd period - Snap shot by Artemi Panarin.
19:55 of 3rd period - Shot Blocked by Travis Hamonic.
19:57 of 3rd period - Wrist shot by Taylor Chorney.
19:57 of 3rd period - Deflect By Claude Giroux.
19:57 of 3rd period - Goal by Claude Giroux - Maple Leafs : 5 - Kings : 3.
19:57 of 3rd period - Brian Elliott from Kings was sent back in the game.
19:58 of 3rd period - Jordan Staal wins face-off versus Anze Kopitar in neutral zone.
Goals for this period are 2 for Maple Leafs vs 3 for Kings.
Shots for this period are 4 for Maple Leafs vs 14 for Kings.